 Dungeon Crawl Stone Soup version 0.31-a0-986-g5e6e4ef867 (webtiles) character file.

Game seed: 5477986244489855988

47 promet the Trooper (level 3, 0/33 HPs)
             Began as a Draconian Fighter on Nov 18, 2023.
             Succumbed to a kobold's poison
             ... on level 2 of the Dungeon.
             The game lasted 00:04:37 (1263 turns).

promet the Trooper (Draconian Fighter)              Turns: 1263, Time: 00:04:37

Health: 0/33       AC:  5    Str: 18    XL:     3   Next: 48%
Magic:  3/3        EV: 12    Int:  8    God:
Gold:   94         SH:  4    Dex: 12    Spells: 2/2 levels left

rFire   + . .        a - +0 rapier
rCold   . . .        f - +0 buckler
rNeg    . . .        (body armour unavailable)
rPois   .            (helmet restricted)
rElec   .            (no cloak)
rCorr   .            (no gloves)
SInv    .            (no boots)
Will    .....        (no amulet)
Stlth   +            (no ring)
HPRegen 0.25/turn    (no ring)
MPRegen 0.08/turn

%: no passive effects
@: mighty, lethally poisoned (0 -> -1)
A: AC +5, unfitting armour, cold-blooded, fire resistance 1, MP-powered wands
a: no special abilities


You were on level 2 of the Dungeon.
You visited 1 branch of the dungeon, and saw 2 of its levels.

You collected 94 gold pieces.

Inventory:

Hand Weapons
 a - a +0 rapier (weapon)
 b - a +0 sling
 d - a +0 long sword
Armour
 e - the scarf "Memaz" {shadows, rN+}
   (You found it on level 2 of the Dungeon)

   rN+:       It protects you from negative energy.
 f - a +0 buckler (worn)


   Skills:
 * Level 3.9 Fighting
 + Level 0.3(1.3) Short Blades
 + Level 2.1 Long Blades
 + Level 3.0 Dodging
 + Level 3.6 Shields


You had 2 spell levels left.
You didn't know any spells.
Your spell library contained the following spells:

 Spells                   Type           Power      Damage    Failure   Level
 Ozocubu's Armour         Ice            0%         N/A       86%         3
 Metabolic Englaciation   Hex/Ice        0%         N/A       100%        5
 Simulacrum               Ice/Necr       0%         N/A       100%        6


Dungeon Overview and Level Annotations

Branches:
Dungeon (2/15)

Altars:


Innate Abilities, Weirdness & Mutations

Your plain brown scales are hard. (AC +5)
You cannot fit into any form of body armour.
You are cold-blooded and may be slowed by cold attacks.
Your flesh is heat resistant. (rF+)
You expend magic power (3 MP) to strengthen your wands.


Message History

The kobold hits you with a +2 short sword of venom.
You closely miss the kobold.
The kobold is moderately wounded.
You feel very sick. The kobold hits you but does no damage.
You are lethally poisoned!
You hit the kobold.
You kill the kobold!
You feel very sick.
The kobold throws a stone.
The stone hits you but does no damage.
You feel very sick. The kobold hits you with a +0 dagger.
Things that are here:
a +2 short sword of venom; 2 stones; a kobold corpse You closely miss the kobold.
* * * LOW HITPOINT WARNING * * *
You feel very sick. The kobold barely misses you.
You feel very mighty all of a sudden.
* * * LOW HITPOINT WARNING * * *
You feel very sick. You block the kobold's attack.
You puncture the kobold!
You kill the kobold!
* * * LOW HITPOINT WARNING * * *
You feel sick.
* * * LOW HITPOINT WARNING * * *
You feel sick.
It was a potion of mutation.
You feel extremely strange.
You feel resistant to heat.
You feel your magical essence link to the dungeon's wands.
* * * LOW HITPOINT WARNING * * *
You feel sick.
You aren't carrying any scrolls.
You aren't carrying any potions.
* * * LOW HITPOINT WARNING * * *
You feel sick.
* * * LOW HITPOINT WARNING * * *
You feel sick.
You die...

#.............#...........
####.......##.............
###...#.##.............
#....................
####...#............<...
......................#.
##.....#...............
###.......##....#####.#.
#...#..@####.##.# #...
#.....#...)).# .# # ##..
#.......####.##.... ###
#......##†.........# #
#.#.................. # .
#..................##.#
..####..............#...
.. #..............#...
#.........(....#...


There were no monsters in sight!

Vanquished Creatures
  An adder (D:2)
  2 worms (D:2)
  3 dart slugs
  4 bats
  3 endoplasms
  A goblin (D:1)
  4 ball pythons
  2 frilled lizards
  5 kobolds
  3 rats
28 creatures vanquished.

Notes
Turn   | Place    | Note
-------+----------+-------------------------------------------
     0 | D:1      | promet the Draconian Fighter began the quest for the Orb.
     0 | D:1      | Reached XP level 1. HP: 19/19 MP: 1/1
   105 | D:1      | Reached XP level 2. HP: 26/26 MP: 2/2
   787 | D:2      | Identified the scarf "Memaz" {shadows, rN+}
   917 | D:2      | Reached XP level 3. HP: 33/33 MP: 3/3
  1260 | D:2      | Gained mutation: Your flesh is heat resistant. (rF+)
                  | [potion of mutation]
  1260 | D:2      | Gained mutation: You expend magic power (3 MP) to
                  | strengthen your wands. [potion of mutation]
  1262 | D:2      | HP: 1/33 [poisoned by a kobold]
  1263 | D:2      | Succumbed to a kobold's poison

Illustrated notes

Levels and vault maps discovered:
D:1:      ldierk_walled_garden_2, layout_basic
D:2:      layout_rooms

Skill      XL: |  1  2 |
---------------+-------+-----
Dodging        | 3 |  3.0
Fighting       | |  3.9
Short Blades   | |  0.3
Long Blades    | |  2.1
Shields        | |  3.6

Action                     || total
---------------------------++-------
  Melee: Long sword        ||    25
         Tailslap          ||    11
         Rapier            ||    53
    Use: Potion            ||     3
         Scroll            ||     3
 Armour: Skin              ||    27
  Dodge: Dodged            ||    43
  Block: Buckler           ||    22

Table legend: (Time is in decaauts)
 A = Elapsed time spent in this place.
 B = Non-inter-level travel time spent in this place.
 C = Inter-level travel time spent in this place.
 D = Time resting spent in this place.
 E = Time spent auto-exploring this place.
 F = Levels seen in this place.
 G = Mean time per level.
                   A        B        C        D        E       F      G
               +--------+--------+--------+--------+--------+-----+--------+
         Total |   1287 |   1276 |     11 |    237 |    571 |   2 |  643.5 |
       Dungeon |   1287 |   1276 |     11 |    237 |    571 |   2 |  643.5 |
               +--------+--------+--------+--------+--------+-----+--------+

Top non-repeatable levels by time:
     D:1: 746 daAuts
     D:2: 540 daAuts
